 Dungeon Crawl Stone Soup version 0.32-a0-928-g1cae6b7ea0 (webtiles) character file.

Game seed: 9147710964763095706

110 TheFallenCrow the Changeling (level 4, 0/28 HPs)
             Began as an Octopode Shapeshifter on Apr 8, 2024.
             Slain by a gnoll
             ... wielding a +0 flail
              (8 damage)
             ... on level 3 of the Dungeon on Apr 12, 2024.
             The game lasted 00:03:13 (1433 turns).

TheFallenCrow the Changeling (OpSh)                 Turns: 1433, Time: 00:03:15

Health: 0/28       AC:  1    Str: 13    XL:     4   Next: 91%
Magic:  4/4        EV: 12    Int: 12    God:
Gold:   122        SH:  0    Dex: 13    Spells: 3/3 levels left

rFire   . .          .
                       - Unarmed
rCold   . . .        (no shield)
rNeg    . . .        (helmet currently unavailable)
rPois   .            (no amulet)
rElec   .            (no ring)
rCorr   .            (no ring)
SInv    .            (no ring)
Will    .....        (no ring)
Stlth   +++          (no ring)
HPRegen 0.24/turn    (no ring)
MPRegen 0.09/turn    (no ring)
                     (no ring)

%: no passive effects
@: beast-form
A: beast (slay +2), almost no armour, amphibious, 8 rings, camouflage 1,
gelatinous body 1, (nimble swimmer 1), tentacles
a: Begin Untransformation


You were on level 3 of the Dungeon.
You were a hulking beast.
You visited 1 branch of the dungeon, and saw 3 of its levels.

You collected 122 gold pieces.

Inventory:

Jewellery
 j - a ring of magical power
Talismans
 b - a beast talisman (active)
 c - a flux talisman
 h - a maw talisman
Scrolls
 d - a scroll of revelation {unknown}
 f - 2 scrolls of teleportation {unknown}
 g - 3 scrolls of identify {unknown}
 i - a scroll of noise {unknown}
 k - a scroll of fear {unknown}
 l - a scroll of blinking {unknown}
 n - a scroll of vulnerability {unknown}
Potions
 a - a potion of lignification
 e - a potion of heal wounds {unknown}
 m - a potion of berserk rage {unknown}


   Skills:
 + Level 1.0 Fighting
 + Level 2.2 Dodging
 + Level 2.6 Stealth
 + Level 3.7 Unarmed Combat
 * Level 4.0 Shapeshifting


You had 3 spell levels left.
You didn't know any spells.
Your spell library contained the following spells:

 Spells                   Type           Power      Damage    Failure   Level
 Cigotuvi's Dreadful Rot  Necr/Alch/Air  0%         N/A       45%         2
 Ignite Poison            Fire/Alch      0%         N/A       97%         4
 Freezing Cloud           Conj/Ice/Air   0%         6-21      100%        5


Dungeon Overview and Level Annotations

Branches:
Dungeon (3/15)

Altars:


Innate Abilities, Weirdness & Mutations

You are a hulking beast.
Your limbs bulge with bestial killing power. (Slay +2)
You cannot wear most types of armour.
You are amphibious.
You can wear up to eight rings at the same time.
Your skin changes colour to match your surroundings (Stealth+).
Your rubbery body absorbs attacks. (AC +1, EV +1)
((You are camouflaged when in or above water. (Stealth+)))
You have tentacles for arms and can constrict up to eight enemies at once.


Message History

No target in view!
Done exploring.
There is a stone staircase leading down here.
You climb downwards.
There is a stone staircase leading up here.
A gnoll comes into view. It is wielding a +0 spear.
Found an escape hatch in the ceiling.
A gnoll comes into view. It is wielding a +0 whip.
There are monsters nearby!
The helpless gnoll fails to defend itself.
You tentacle-slap the gnoll. You grab the gnoll.
The gnoll is moderately wounded.
You constrict the gnoll. You tentacle-slap the gnoll. You squeeze the gnoll.
You kill the gnoll!
You closely miss the gnoll. You grab the gnoll. You squeeze the gnoll!
The gnoll is heavily wounded.
You constrict the gnoll. The gnoll barely misses you.
You tentacle-slap the gnoll.
You kill the gnoll!
Things that are here:
a +0 whip; a +0 spear; a gnoll corpse 2 gnolls come into view.
The gnoll shouts!
There is an escape hatch in the ceiling here.
The gnoll barely misses you.
The gnoll shouts!
You tentacle-slap the gnoll. Your grab misses the gnoll.
Your squeeze misses the gnoll.
The gnoll is moderately wounded.
The gnoll hits you from afar with a +0 halberd!
The gnoll barely misses you.
You barely miss the gnoll. You grab the gnoll. You squeeze the gnoll.
The gnoll is heavily wounded.
You constrict the gnoll.
The gnoll hits you from afar with a +0 halberd!
Ouch! That really hurt!
* * * LOW HITPOINT WARNING * * *
The gnoll hits you with a +0 flail!
You die...

##################
.....<..#.....)<.#
.######.#.######h#
#.#.# #g# #...#
#g# ##### #.# #.#
..# .## .


You could see 2 gnolls.

Vanquished Creatures
  3 gnolls
  4 adders (D:2)
  A dart slug (D:1)
  A ribbon worm (D:2)
  5 ball pythons
  4 bats
  3 endoplasms
  5 giant cockroaches
  2 goblins
  3 hobgoblins
  4 jackals (D:1)
  A kobold (D:2)
  A quokka (D:1)
  2 rats (D:2)
39 creatures vanquished.

Notes
Turn   | Place    | Note
-------+----------+-------------------------------------------
     0 | D:1      | TheFallenCrow the Octopode Shapeshifter began the quest for
                  | the Orb.
     0 | D:1      | Reached XP level 1. HP: 13/13 MP: 1/1
   115 | D:1      | Reached XP level 2. HP: 10/18 MP: 2/2
   194 | D:1      | Upgraded the game from 0.32-a0-913-g739538afd8 to
                  | 0.32-a0-928-g1cae6b7ea0
   411 | D:1      | Reached XP level 3. HP: 21/23 MP: 3/3
   679 | D:1      | Found a faded altar of an unknown god.
   853 | D:2      | Reached skill level 1 in Stealth
  1055 | D:2      | Reached XP level 4. HP: 28/28 MP: 4/4
  1289 | D:2      | Reached skill level 4 in Shapeshifting
  1433 | D:3      | Slain by a gnoll

Illustrated notes

Levels and vault maps discovered:
D:1:      erik_arrival_triangle_large, layout_basic,
          nicolae_ecumenical_snake_handling, corexii_corridor_pit
D:2:      layout_loops_ring, minmay_pentomino_u2
D:3:      layout_loops_cross, uniq_robin

Skill      XL: |  1  2  3  4 |
---------------+-------------+-----
Stealth        | 1 2 |  2.6
Shapeshifting  | 4 |  4.0
Fighting       | |  1.0
Dodging        | |  2.2
Unarmed Combat | |  3.7

Action                     |  1- 3 |  4- 6 || total
---------------------------+-------+-------++-------
  Melee: Unarmed           |    39 |    16 ||    55
         Constrict         |    19 |     7 ||    26
         Tentacles         |    13 |     5 ||    18
         Punch             |     1 |       ||     1
   Stab: Sleeping          |     7 |     4 ||    11
 Armour: Skin              |     7 |     8 ||    15
  Dodge: Dodged            |    21 |    11 ||    32

Table legend: (Time is in decaauts)
 A = Elapsed time spent in this place.
 B = Non-inter-level travel time spent in this place.
 C = Inter-level travel time spent in this place.
 D = Time resting spent in this place.
 E = Time spent auto-exploring this place.
 F = Levels seen in this place.
 G = Mean time per level.
                   A        B        C        D        E       F      G
               +--------+--------+--------+--------+--------+-----+--------+
         Total |   1429 |   1301 |    128 |      0 |   1072 |   3 |  476.3 |
       Dungeon |   1429 |   1301 |    128 |      0 |   1072 |   3 |  476.3 |
               +--------+--------+--------+--------+--------+-----+--------+

Top non-repeatable levels by time:
     D:1: 834 daAuts
     D:2: 574 daAuts
     D:3: 20 daAuts
